 Dungeon Crawl Stone Soup version 0.25-a0-42-g6c54e25894 (webtiles) character file.

Game seed: 12059715107479818904, levelgen mode: deterministic

1398 Mort the Frost Mage (level 8, -3/54 HPs)
             Began as an Octopode Ice Elementalist on Oct 23, 2019.
             Slain by an ice beast (13 damage)
             ... on level 6 of the Dungeon.
             The game lasted 00:31:58 (9155 turns).

Mort the Frost Mage (Octopode Ice Elementalist)     Turns: 9155, Time: 00:31:59

Health: -3/54      AC:  1    Str:  8    XL:     8   Next: 69%
Magic:  8/11       EV: 13    Int: 19    God:
Gold:   275        SH:  0    Dex: 12    Spells: 1/11 levels left

rFire    . . .     SeeInvis .   i - +0 dagger
rCold    . . .     Gourm    .   (no shield)
rNeg     . . .     Faith    .   (helmet restricted)
rPois    .         Spirit   .   (no amulet)
rElec    .         Reflect  .   s - ring of wizardry
rCorr    .         Harm     .   (no ring)
MR       .....                  (no ring)
Stlth    +++.......             (no ring)
HPRegen  0.18/turn              (no ring)
MPRegen  0.12/turn              (no ring)
                                (no ring)
                                (no ring)

@: no status effects
A: almost no armour, stealthy swim, amphibious, 8 rings, constrict 8, camouflage
1, gelatinous body 1
a: no special abilities


You were on level 6 of the Dungeon.
You were hungry.

You visited 1 branch of the dungeon, and saw 6 of its levels.
You also visited: Sewer.

You collected 275 gold pieces.

Inventory:

Hand Weapons
 i - a +0 dagger (weapon)
 j - a +0 vampiric spear
 p - a +1 shortbow of freezing
 v - the +5 dagger of Misyot Ememi {freeze, *Drain rF++}
   (You took it off a gnoll shaman on level 3 of the Dungeon)

   It has been specially enchanted to freeze those struck by it, causing extra
   injury to most foes and up to half again as much damage against particularly
   susceptible opponents.
   It can also slow down cold-blooded creatures.
   It greatly protects you from fire.
   It causes draining when unequipped.
Missiles
 c - 267 stones (quivered)
 q - 41 arrows
 u - 5 poisoned darts
Jewellery
 s - a ring of wizardry (left tentacle)
Wands
 w - a wand of scattershot (2)
Scrolls
 d - 2 scrolls of remove curse
 e - a scroll of enchant weapon {unknown}
 k - a scroll of enchant armour {unknown}
 m - 3 scrolls of fear
 n - 3 scrolls of magic mapping
 r - a scroll of amnesia {unknown}
 x - a scroll of fog
 y - a scroll of teleportation
Potions
 a - 5 potions of curing
 f - a potion of berserk rage
 g - a potion of degeneration {unknown}
 h - a potion of might {unknown}
 l - 4 potions of agility
 o - a potion of lignification {unknown}
 t - a potion of cancellation
 z - a potion of heal wounds
 A - 4 potions of flight
Comestibles
 b - 5 rations
 B - 3 chunks of flesh


   Skills:
 - Level 4.0 Fighting
 - Level 2.0 Dodging
 - Level 4.0 Stealth
 - Level 2.0 Spellcasting
 - Level 1.0 Conjurations
 + Level 9.7 Ice Magic


You had one spell level left.
You knew the following spells:

 Your Spells              Type           Power        Failure   Level  Hunger
a - Freeze                Ice            ####         1%          1    #......
b - Throw Frost           Conj/Ice       ###...       1%          2    ###....
c - Ozocubu's Armour      Chrm/Ice       ###.....     2%          3    ###....
d - Summon Ice Beast      Ice/Summ       ###.....     9%          4    #####..

Your spell library contained the following spells:

 Spells                   Type           Power        Failure   Level  Hunger
 Beastly Appendage        Tmut           #.....       7%          1    #......
 Throw Icicle             Conj/Ice       ###.....     8%          4    #####..
 Ice Form                 Ice/Tmut       ###.....     9%          4    #####..
 Sticks to Snakes         Tmut           #.......     11%         2    ###....
 Spider Form              Tmut/Pois      #.........   21%         3    ###....
 Blade Hands              Tmut           #.........   86%         5    ######.


Dungeon Overview and Level Annotations

Branches:
Dungeon (6/15)              Sewer (visited)
 Temple: D:4-7

Altars:
Ashenzari
Dithmenos
Elyvilon
Fedhas
Hepliaklqana
Nemelex Xobeh
Ru
Uskayaw
Yredelemnul
The Shining One

Annotations:
D:5 2 transporters, Ablot's ghost, novice GnSk


Innate Abilities, Weirdness & Mutations

You cannot wear most types of armour.
You are very stealthy in the water. (Stealth+)
You are amphibious.
You can wear up to eight rings at the same time.
You can use your tentacles to constrict eight enemies at once.
Your skin changes colour to match your surroundings (Stealth+).
Your rubbery body absorbs attacks. (AC +1, EV +1)


Message History

The ice beast hits you. The ice beast freezes you!
You closely miss the ice beast. You squeeze the ice beast.
The ice beast is almost dead.
Your ice beast hits the ice beast.
Your ice beast freezes the ice beast.
The ice beast completely resists.
The ice beast hits your ice beast. The ice beast freezes your ice beast.
Your ice beast completely resists.
You hit the ice beast but do no damage.
The ice beast is almost dead.
Your ice beast barely misses the ice beast.
The ice beast hits you. The ice beast freezes you!
* * * LOW HITPOINT WARNING * * *
Unknown command.
You hit the ice beast but do no damage.
The ice beast is almost dead.
Your ice beast barely misses the ice beast.
The ice beast hits you.
* * * LOW HITPOINT WARNING * * *
The ice beast freezes you!
You die...

## . #. .####
...# #..###
#.####@Y..#.#
#......Y....#
#######.#.###
#.# # #.# ###.#
#########.#.#.#
......>..#..#.#
######.###.#.#


You could see an ice beast and a friendly ice beast.

Vanquished Creatures
  A phantom (D:4)
  2 sky beasts (D:5)
  An ogre (D:6)
  A centaur (D:3)
  A scorpion (D:5)
  3 howler monkeys
  2 crimson imps (D:5)
  A jelly (D:5)
  A quasit (D:5)
  2 hounds
  2 orc priests
  A gnoll shaman (D:3)
  3 orc wizards
  5 worker ants
  A killer bee zombie (D:4)
  A howler monkey skeleton (D:4)
  A worker ant zombie (D:5)
  6 gnolls
  6 adders
  A shadow imp (D:5)
  An ooze (D:2)
  5 worms
  A dart slug (D:1)
  A leopard gecko (D:2)
  12 orcs
  3 ball pythons
  7 giant cockroaches
  4 goblins
  12 hobgoblins
  10 jackals
  7 kobolds
  A quokka (D:2)
  7 bats
  7 frilled lizards
  A jackal skeleton (D:5)
  6 rats
127 creatures vanquished.

Vanquished Creatures (collateral kills)
  Edmund (D:5)
  2 orcs
3 creatures vanquished.

Grand Total: 130 creatures vanquished

Notes
Turn   | Place    | Note
-------+----------+-------------------------------------------
     0 | D:1      | Mort the Octopode Ice Elementalist began the quest for the
                  | Orb.
     0 | D:1      | Reached XP level 1. HP: 11/11 MP: 3/3
   269 | D:1      | Reached XP level 2. HP: 10/17 MP: 1/5
   316 | D:1      | Learned a level 2 spell: Throw Frost
  1202 | D:1      | Reached XP level 3. HP: 20/21 MP: 4/6
  1207 | D:1      | Learned a level 3 spell: Ozocubu's Armour
  1667 | D:2      | Found a white marble altar of Elyvilon.
  2056 | D:2      | Reached skill level 1 in Fighting
  2158 | D:2      | Found a glowing golden altar of the Shining One.
  2161 | D:2      | Reached skill level 4 in Ice Magic
  2161 | D:2      | Reached XP level 4. HP: 28/28 MP: 0/7
  2162 | D:2      | Noticed an angel
  2227 | D:2      | Found a basalt altar of Yredelemnul.
  2229 | D:2      | Noticed a profane servitor
  2660 | D:2      | Found a blossoming altar of Fedhas.
  2666 | D:2      | Found a sacrificial altar of Ru.
  2669 | D:2      | Found a hazy altar of Hepliaklqana.
  3044 | D:3      | Found a shadowy altar of Dithmenos.
  3206 | D:3      | Reached XP level 5. HP: 31/34 MP: 0/8
  3325 | D:3      | Noticed a centaur
  3335 | D:3      | Killed a centaur
  3717 | D:3      | Reached skill level 5 in Ice Magic
  3717 | D:3      | Reached XP level 6. HP: 42/42 MP: 6/9
  4439 | D:4      | Noticed a phantom
  4596 | D:4      | Killed a phantom
  4963 | D:4      | Identified the +5 dagger of Misyot Ememi {freeze, *Drain
                  | rF++}
  4965 | D:4      | Reached skill level 6 in Ice Magic
  4965 | D:4      | Reached XP level 7. HP: 45/48 MP: 3/10
  5340 | D:4      | Learned a level 4 spell: Summon Ice Beast
  6074 | D:4      | Found a shattered altar of Ashenzari.
  6126 | D:4      | Reached skill level 7 in Ice Magic
  6610 | D:5      | Entered Level 5 of the Dungeon
  6625 | D:5      | Found a glowing drain.
  6648 | Sewer    | Entered a sewer
  6801 | Sewer    | Noticed Purgy
  7331 | D:5      | Found a transporter.
  7332 | D:5      | Found a hide-covered altar of Uskayaw.
  7334 | D:5      | Noticed a +0 hand axe
  7337 | D:5      | Noticed a +0 hand axe
  7345 | D:5      | Reached XP level 8. HP: 54/54 MP: 6/11
  7347 | D:5      | Reached skill level 8 in Ice Magic
  7354 | D:5      | Noticed Ablot's ghost (novice GnSk)
  7811 | D:5      | Noticed Edmund
  8206 | D:5      | Found a transporter.
  8433 | D:5      | Reached skill level 9 in Ice Magic
  8538 | D:5      | Found a sparkling altar of Nemelex Xobeh.
  8736 | D:5      | Killed Edmund
  9155 | D:6      | Slain by an ice beast

Levels and vault maps discovered:
D:1:      matt_arrival_spirals, layout_loops_corners
D:2:      layout_basic, grunt_temple_overflow_holy_war,
          grunt_temple_overflow_diamond, overflow_temple_1_default, first_ration
D:3:      layout_basic, nicolae_dithmenos_shadow_blocks
D:4:      layout_basic, marbit_many_paths
D:5:      layout_basic, nemelex_xobeh_ov_fountains_minmay,
          dancing_weapons_uskayaw, gammafunk_ghost_stat_death,
          cheibrodos_sewer_entry_sluice, ldierk_geyser, uniq_edmund
D:6:      layout_loops_ring, minmay_temple_entry_large_hall

Skill      XL: |  1  2  3  4  5  6  7  8 |
---------------+-------------------------+-----
Stealth        | 3 4 |  4.0
Fighting       | 1 2 3 4 |  4.0
Ice Magic      | 4 5 6 7 9 |  9.7
Dodging        | |  2.0
Spellcasting   | |  2.0
Conjurations   | |  1.0

Action                   |  1- 3 |  4- 6 |  7- 9 || total
-------------------------+-------+-------+-------++-------
Melee: Dagger            |       |     1 |    27 ||    28
       Constrict         |       |     1 |     4 ||     5
       Tentacles         |       |     1 |     5 ||     6
 Fire: Shortbow          |       |    88 |   134 ||   222
 Cast: Freeze            |    26 |    41 |    70 ||   137
       Throw Frost       |    29 |    20 |    10 ||    59
       Ozocubu's Armour  |       |     3 |     2 ||     5
       Summon Ice Beast  |       |       |     9 ||     9
Evoke: Wand              |       |       |     2 ||     2
  Use: Scroll            |       |     1 |    10 ||    11
 Stab: Sleeping          |       |       |     1 ||     1
       Distracted        |       |       |     1 ||     1
  Eat: Chunk             |     5 |    12 |    13 ||    30
       Ration            |       |       |     1 ||     1
Armor: Skin              |     4 |     5 |     9 ||    18
Dodge: Dodged            |    12 |    24 |    63 ||    99

Table legend:
 A = Non-vault XP
 B = Vault XP
 C = Vault XP percentage of total XP
 D = Non-vault monster count
 E = Vault monster count
 F = Vault count percentage of total count
                 A         B        C        D         E       F
            +---------+---------+-------+---------+---------+-------
      Total |    1883 |     115 |   5.8 |     121 |       9 |   6.9
            +---------+---------+-------+---------+---------+-------
        D:1 |      37 |       0 |   0.0 |      22 |       0 |   0.0
        D:2 |      52 |       0 |   0.0 |      20 |       0 |   0.0
        D:3 |     318 |       0 |   0.0 |      24 |       0 |   0.0
        D:4 |     640 |       0 |   0.0 |      25 |       0 |   0.0
        D:5 |     738 |      98 |  11.7 |      25 |       4 |  13.8
        D:6 |      98 |       0 |   0.0 |       5 |       0 |   0.0
      Sewer |       0 |      17 | 100.0 |       0 |       5 | 100.0
            +---------+---------+-------+---------+---------+-------
